Map: 克哈裂痕

Players

二年级二班永亮

  • Race: Terran Terran
  • Spawn Location: 7:00

邀月

  • Race: Protoss Protoss
  • League: Master
  • Spawn Location: 7:00

VOD

Have the link to the VOD?

Description

Time

  • Played on: Feb. 28, 2018, 3:17 a.m.
  • Length: 21:04
Show
View Real Time Build Order
Export as new Build Order

二年级二班永亮 Terran 

Build Orders:  

Get SALT Encoding   

Show
View Real Time Build Order
Export as new Build Order

邀月 Protoss 

Build Orders:  

Get SALT Encoding   

  12  0:04  Probe (Chrono Boost)  
  13  0:16  Probe (Chrono Boost)  
  14  0:28  Probe (Chrono Boost)  
  15  0:38  Pylon  
  15  0:41  Probe (Chrono Boost)  
  15  0:46  Assimilator  
  16  0:53  Probe (Chrono Boost)  
  16  0:59  Assimilator  
  17  1:14  Probe (Chrono Boost)  
  18  1:25  Probe (Chrono Boost)  
  19  1:30  Gateway  
  19  1:37  Probe (Chrono Boost)  
  19  1:38  Robotics Facility  
  20  1:46  Robotics Bay  
  20  1:53  Probe (Chrono Boost)  
  21  2:05  Probe (Chrono Boost)  
  22  2:17  Probe (Chrono Boost)  
  23  2:27  Legionnaire  
  23  2:33  Kaldalis' A.I. Personality  
  26  2:45  Colossus  
  32  3:03  Warbringer's A.I. Personality  
  32  3:17  Probe (Chrono Boost)  
  33  3:57  Probe (Chrono Boost)  
  33  3:58  Forge  
  34  4:05  Purification Blast  
  35  4:20  Probe (Chrono Boost)  
  35  4:21  Nexus  
  35  4:26  Immortal  
  40  4:50  Probe (Chrono Boost)  
  41  5:20  Probe (Chrono Boost)  
  41  5:22  Pylon  
  41  5:41  Purifier Armaments  
  41  6:06  Immortal  
  42  6:14  Taldarin's A.I. Personality  
  42  6:16  Probe (Chrono Boost)  
  42  6:19  Cybernetics Core  
  44  6:21  Probe (Chrono Boost)  
  44  6:22  Gateway  
  44  6:28  Probe (Chrono Boost)  
  45  6:38  Probe (Chrono Boost)  
  47  6:40  Probe (Chrono Boost)  
  47  6:41  Assimilator  
  47  6:47  Assimilator  
  48  6:54  Probe (Chrono Boost)  
  48  6:55  Probe (Chrono Boost)  
  49  7:00  Gateway, Twilight Council  
  49  7:01  Observation Protocol  
  49  7:04  Gateway  
  49  7:05  Immortal, Probe (Chrono Boost), Gravimetric Overload  
  49  7:09  Pylon  
  54  7:17  Probe x2 (Chrono Boost)  
  56  7:23  Warp Gate  
  58  7:42  Adept, Probe (Chrono Boost)  
  58  7:44  Probe (Chrono Boost)  
  60  7:51  Fleet Beacon, Stargate  
  60  7:59  Probe (Chrono Boost)  
  61  8:24  Immortal  
  61  8:27  Carrier  
  65  8:38  Mojo's A.I. Personality  
  73  9:15  Probe x2 (Chrono Boost)  
  73  9:21  Pylon  
  74  9:30  Pylon  
  74  9:32  Probe (Chrono Boost)  
  74  9:36  Pylon  
  74  9:39  Pylon  
  74  9:46  Immortal  
  79  9:50  Clolarion's A.I. Personality  
  79  9:52  Probe (Chrono Boost)  
  79  10:04  Suppression Procedure  
  81  10:11  Probe (Chrono Boost)  
  81  10:12  Probe (Chrono Boost)  
  81  10:13  Gateway x2  
  81  10:15  Gateway  
  81  10:17  Empowered Blades  
  81  10:28  Legionnaire x2  
  81  10:29  Adept  
  86  10:55  Immortal  
  90  11:01  Psionic Projection  
  91  11:12  Probe (Chrono Boost)  
  91  11:28  Adept x2  
  91  11:29  Legionnaire  
  90  11:33  Interdictors  
  88  11:43  Adept  
  88  11:44  Scout, Adept, Legionnaire  
  92  11:52  Pylon  
  92  11:53  Colossus, Pylon  
  101  12:00  Pylon  
  101  12:01  Carrier  
  101  12:03  Pylon  
  101  12:05  Pylon  
  101  12:45  Combat Sensor Array  
  90  13:02  Conservator x4  
  98  13:10  Talis' A.I. Personality  
  98  13:14  Adept x2  
  98  13:18  Immortal  
  106  13:23  Protoss Air Weapons Level 1  
  106  13:24  Stargate  
  96  13:40  Legionnaire x3  
  96  13:41  Adept x2  
  96  13:42  Adept  
  111  14:09  Carrier  
  117  14:23  Graviton Catapult  
  117  14:39  Adept  
  119  14:40  Adept x2  
  119  14:45  Scout, Pylon  
  119  14:47  Pylon  
  126  14:52  Immortal  
  130  15:06  Adept x3  
  127  15:25  Scout, Adept x2  
  134  15:32  Protoss Air Weapons Level 2  
  132  15:55  Scout  
  135  16:03  Immortal  
  139  16:18  Conservator  
  139  16:19  Conservator x2  
  145  16:28  Pylon  
  145  16:32  Protoss Ground Weapons Level 1  
  145  16:41  Scout  
  145  16:51  Scout  
  145  16:58  Observer  
  147  17:01  Legionnaire x2  
  139  17:27  Conservator x2  
  139  17:28  Conservator x2  
  139  17:32  Scout x2  
  139  17:34  Immortal  
  142  17:56  Legionnaire x4  
  142  17:57  Pylon, Legionnaire  
  151  18:06  Conservator  
  148  18:14  Scout x2  
  154  18:20  Observer  
  154  18:26  Legionnaire x2  
  147  18:36  Conservator  
  141  18:55  Legionnaire x2  
  141  18:56  Adept x3  
  145  19:17  Scout  
  145  19:32  Scout  
Tags
 
Commander
FenixRaynor
League
Master
Matchup
Co-op
Replay Pack
Co-op Speedrun
Add a new tag
Caveats
  • Supply blocks, unpowered buildings, or Contaminate may cause inaccurate times.
  • Supply counts are checked every 10 seconds.